 Dungeon Crawl Stone Soup version 0.24.0-13-gcf9b3192b9 (webtiles) character file.

Game seed: 7290899912185904401, levelgen mode: deterministic

19 Matador8 the Vexing (level 2, -4/15 HPs)
             Began as a Vampire Enchanter on Nov 9, 2019.
             Slain by a gnoll (8 damage)
             ... on level 1 of the Dungeon.
             The game lasted 00:05:45 (1076 turns).

Matador8 the Vexing (Vampire Enchanter)             Turns: 1076, Time: 00:05:45

Health: -4/15      AC:  2    Str:  7    XL:     2   Next: 55%
Magic:  4/5        EV: 12    Int: 17    God:
Gold:   52         SH:  0    Dex: 14    Spells: 4/5 levels left

rFire    . . .     SeeInvis +   a - +1 dagger
rCold    + + .     Gourm    .   (no shield)
rNeg     + + +     Faith    .   b - +0 robe
rPois    ∞         Spirit   .   (no helmet)
rElec    .         Reflect  .   (no cloak)
rCorr    .         Harm     .   (no gloves)
MR       .....                  (no boots)
Stlth    +++++.....             (no amulet)
HPRegen  0.00/turn              (no ring)
MPRegen  0.09/turn              (no ring)

@: bloodless, regenerating quickly
A: no food, fangs 3, see invisible, unbreathing
a: Revivify


You were on level 1 of the Dungeon.
You were bloodless.

You visited 1 branch of the dungeon, and saw 2 of its levels.

You collected 52 gold pieces.

Inventory:

Hand Weapons
 a - a +1 dagger (weapon)
Armour
 b - a +0 robe (worn)
 h - a +0 leather armour
Scrolls
 c - a scroll of remove curse {unknown}
 e - 3 scrolls of enchant weapon {unknown}
 i - 2 scrolls of identify {unknown}
Potions
 d - 3 potions of curing {unknown}
 f - 4 potions of lignification {unknown}
 g - a potion of heal wounds {unknown}


   Skills:
 - Level 0.2 Fighting
 + Level 2.8 Short Blades
 - Level 2.1 Dodging
 - Level 4.4 Stealth
 - Level 2.0 Spellcasting
 - Level 4.4 Hexes


You had 4 spell levels left.
You knew the following spells:

 Your Spells              Type           Power        Failure   Level  Hunger
a - Corona                Hex            ###....      3%          1    N/A

Your spell library contained the following spells:

 Spells                   Type           Power        Failure   Level  Hunger
 Confuse                  Hex            ###.....     10%         3    N/A
 Tukima's Dance           Hex            ###.....     10%         3    N/A
 Ensorcelled Hibernation  Hex/Ice        #.....       12%         2    N/A
 Dazzling Spray           Conj/Hex       #.....       24%         3    N/A

Dungeon Overview and Level Annotations

Branches:
Dungeon (2/15)

Altars:

Annotations:
D:2 Terence


Innate Abilities, Weirdness & Mutations

You do not eat.
You do not regenerate when monsters are visible.
You are frail without blood (-20% HP).
You can heal yourself when you bite living creatures.
You are immune to poison.
You have razor-sharp teeth.
You have supernaturally acute eyesight. (SInv)
You can survive without breathing.


Message History

You begin bloodletting.
You continue bloodletting. x5
Now bloodless.
Okay, then.
The gnoll shouts!
You hit the gnoll but do no damage. The gnoll barely misses you.
Casting: Corona (safe; 3% risk of failure)
Confirm with . or Enter, or press ? or * to list all spells.
Aiming: Corona (safe; 3% risk of failure)
Press: ? - help, Shift-Dir - straight line, f - gnoll
Aim: a gnoll (chance to defeat MR: 62%)
The gnoll struggles to resist.
The gnoll hits you. The gnoll barely misses you. Continue your ritual?
You begin the revivification ritual.
You continue your ritual.
The gnoll hits you.
* * * LOW HITPOINT WARNING * * *
You continue your ritual.
The gnoll hits you!
Ouch! That really hurt!
You die...

#.# ##### ######.# ##...##
######## #...##.####.....####
#....... #...............##.##
#.###### #...##.####g....#.#.##
#.# #### ##.##..>####...).###.#
#.# #... ..>......# ######.#%##
#.# #.## .#.##...## ####.#####
#.###.## .#.##..## #.@g.....#
#....... ...##..# ##.##.###.#
#####.## .####..# #.......#.#
##.## .# #..## #..##.#.#.# #....
.####...## #..##.#.#.# #..##
.........## #.........# #..##
###.......## #.........# #..##
##.........###.....#.#.######....
.'.........'.....................


You could see a gnoll.

Vanquished Creatures
  2 bats (D:1)
  A giant cockroach (D:1)
  2 goblins (D:1)
  A hobgoblin (D:1)
  4 jackals (D:2)
  2 frilled lizards (D:1)
  5 kobolds
  A rat (D:1)
18 creatures vanquished.

Notes
Turn   | Place    | Note
-------+----------+-------------------------------------------
     0 | D:1      | Matador8 the Vampire Enchanter began the quest for the Orb.
     0 | D:1      | Reached XP level 1. HP: 13/13 MP: 3/3
   536 | D:1      | Reached XP level 2. HP: 19/19 MP: 5/5
   874 | D:2      | Noticed Terence
  1076 | D:1      | Slain by a gnoll

Levels and vault maps discovered:
D:1:      sevenhm_arrival_forest_fort_small_4, layout_loops_corners
D:2:      layout_loops_ring, minmay_tromino_v4_a, uniq_terence

Skill      XL: |  1 |
---------------+----+-----
Short Blades   | 2 |  2.8
Fighting       | |  0.2
Dodging        | |  2.1
Stealth        | |  4.4
Spellcasting   | |  2.0
Hexes          | |  4.4

Action                   || total
-------------------------++-------
Melee: Dagger            ||    58
       Bite              ||     2
 Cast: Corona            ||    16
 Abil: Exsanguinate      ||     1
       Revivify          ||     1
 Stab: Sleeping          ||     6
Armor: Robe              ||     6
Dodge: Dodged            ||    47
